 Dungeon Crawl Stone Soup version 0.30.1-11-g7821555f0a (webtiles) character file.

Game seed: 17609938036273232055

34084 porpoise the Marksminotaur (level 13, -5/92 HPs)
             Began as a Minotaur Hunter on Jan 3, 2024.
             Was an Initiate of Gozag.
             Slain by a tentacled starspawn (10 damage)
             ... on level 2 of the Abyss.
             The game lasted 00:52:03 (14603 turns).

porpoise the Marksminotaur (Minotaur Hunter)       Turns: 14603, Time: 00:52:04

Health: -5/92      AC: 23    Str: 18 (19) XL:     13   Next: 40%
Magic:  9/9        EV: 20    Int:  1 (2)  God:    Gozag
Gold:   1734       SH:  0    Dex: 18      Spells: 12/12 levels left

rFire   x x .        b - +8 broad axe of Circularity {protect, rC++ Str+2}
rCold   + + .        (no shield)
rNeg    . . .        D - +1 swamp dragon scales
rPois   +            Y - +2 hat {Stlth+}
rElec   .            X - scarf of Qazlal's Esteem {+Inv, Str+4}
rCorr   .            (no gloves)
SInv    .            c - +2 pair of boots
Will    .....        (no amulet)
Stlth   ++           y - +5 ring of evasion
HPRegen 0.00/turn    G - ring of protection from cold
MPRegen 0.11/turn

%: no passive effects
@: under a protective aura, sick, inhibited regen, unable to read
A: horns 2, retaliatory headbutt, [deterioration 2], [dopey 2], [frail 2], [low
MP 2], [screaming 2], [inhibited regeneration], [weak 2], [cold vulnerability
1], [heat vulnerability 2], [inability to read after injury 2]
a: Renounce Religion, Evoke Invisibility, Potion Petition, Call Merchant, Bribe
Branch


You were on level 2 of the Abyss.
You worshipped Gozag.
Gozag was most pleased with you.
You visited 2 branches of the dungeon, and saw 13 of its levels.
You visited the Abyss 1 time.
You also visited: Gauntlet.

You collected 3188 gold pieces.
You spent 1350 gold pieces at shops.
You paid 104 gold pieces to Gozag.

Inventory:

Hand Weapons
 a - the +8 longbow "Athim" {heavy, Will+ Int+6}
   (You acquired it on level 10 of the Dungeon)

   Int:       It affects your intelligence (+6).
   Will:      It increases your willpower.
 b - the +8 broad axe of Circularity (weapon) {protect, rC++ Str+2}
   (You acquired it on level 10 of the Dungeon)

   Str:       It affects your strength (+2).
   rC:        It greatly protects you from cold.
 w - a +0 battleaxe of flaming
Missiles
 P - 4 curare-tipped darts
Armour
 c - a +2 pair of boots (worn)
 D - +1 swamp dragon scales (worn)
 X - the scarf of Qazlal's Esteem (worn) {+Inv, Str+4}
   (You acquired it on level 10 of the Dungeon)

   Str:       It affects your strength (+4).
 Y - a +2 hat of stealth (worn)
Jewellery
 y - a +5 ring of evasion (left hand)
 G - a ring of protection from cold (right hand)
 U - the ring of Xaghoc {rF+ AC+4}
   (You bought it in a shop on level 9 of the Dungeon)

   [ring of protection]

   AC:        It affects your AC (+4).
   rF:        It protects you from fire.
Wands
 f - a wand of flame (7)
 s - a wand of roots (15)
 u - a wand of polymorph (17)
 N - a wand of quicksilver (11)
Scrolls
 d - a scroll of immolation
 e - a scroll of poison
 g - a scroll of brand weapon
 r - a scroll of vulnerability
 t - 9 scrolls of teleportation
 B - 2 scrolls of blinking
 C - 4 scrolls of fog
 K - 3 scrolls of noise
 L - a scroll of enchant weapon {unknown}
 Z - a scroll of fear {unknown}
Potions
 i - 6 potions of might
 l - 3 potions of curing
 o - 4 potions of lignification
 p - 3 potions of attraction
 A - 2 potions of cancellation
 J - a potion of haste
 M - a potion of invisibility
 O - a potion of heal wounds
 T - a potion of resistance
Miscellaneous
 n - a box of beasts


   Skills:
 + Level 11.1 Fighting
 + Level 10.2 Axes
 - Level 18.0 Ranged Weapons
 - Level 9.0 Armour
 - Level 7.0 Dodging
 - Level 0.7 Stealth
 - Level 5.0 Evocations


You had 12 spell levels left.
You didn't know any spells.
Your spell library contained the following spells:

 Spells                   Type           Power      Damage    Failure   Level
 Necrotise                Necr           0%         1d4       75%         1
 Sting                    Tmut/Pois      0%         1d3       75%         1
 Cigotuvi's Dreadful Rot  Necr/Pois/Air  0%         N/A       86%         2
 Ensorcelled Hibernation  Hex/Ice        0%         N/A       86%         2
 Passwall                 Tmut/Erth      0%         N/A       86%         2
 Poisonous Vapours        Pois/Air       0%         N/A       86%         2
 Scorch                   Fire           0%         2d5       86%         2
 Call Canine Familiar     Summ           0%         N/A       98%         3
 Ignite Poison            Fire/Tmut/Pois 0%         N/A       98%         3
 Inner Flame              Hex/Fire       0%         N/A       98%         3
 Portal Projectile        Hex/Tloc       0%         N/A       98%         3
 Summon Guardian Golem    Hex/Summ       0%         N/A       98%         3
 Swiftness                Air            0%         N/A       98%         3
 Vampiric Draining        Necr           0%         2d6       98%         3
 Flame Wave               Conj/Fire      0%         2d4       100%        4
 Leda's Liquefaction      Hex/Erth       0%         N/A       100%        4
 Olgreb's Toxic Radiance  Pois           0%         N/A       100%        4
 Summon Ice Beast         Ice/Summ       0%         N/A       100%        4
 Agony                    Necr           0%         N/A       100%        5
 Freezing Cloud           Conj/Ice/Air   0%         6-21      100%        5
 Silence                  Hex/Air        0%         N/A       100%        5
 Summon Mana Viper        Hex/Summ       0%         N/A       100%        5
 Yara's Violent Unravell  Hex/Tmut       0%         3d3       100%        5
 Summon Cactus Giant      Summ           0%         N/A       100%        6
 Enfeeble                 Hex            0%         N/A       100%        7
 Orb of Destruction       Conj           0%         9d5       100%        7
 Spellforged Servitor     Conj/Summ      0%         N/A       100%        7


Dungeon Overview and Level Annotations

Branches:
Dungeon (10/15)            Temple (0/1) D:7            Lair (3/5) D:8
  Swamp (0/4) Lair:3        Snake (0/4) Lair:3          Orc (0/2) D:10
Gauntlet (visited)

Altars:
Ashenzari
Dithmenos
Gozag
Qazlal
Ru
Uskayaw
Vehumet
Xom
Zin

Shops:
D:5 (   D:7 =   D:8 *   D:9 =

Annotations:
D:8 /Dig Gauntlet 9 transporters


Innate Abilities, Weirdness & Mutations

You have a pair of horns on your head.
You reflexively headbutt those who attack you in melee.
[Your body often deteriorates upon taking damage.]
[You are very dopey. (Int -4)]
[You are very frail. (-20% HP)]
[Your magical capacity is very low. (-20% MP)]
[You frequently scream uncontrollably at your foes.]
[You do not regenerate when monsters are visible.]
[You are very weak. (Str -4)]
[You are vulnerable to cold. (rC-)]
[You are very vulnerable to heat. (rF--)]
[You sometimes lose the ability to read scrolls when taking damage.]


Message History

Your regeneration stops near monsters.
You feel vulnerable to heat. x2
The tentacled starspawn is distracted by your dazzling golden aura.
You see here 13 gold pieces.
You slice the wretched star!! Your headbutt misses the wretched star.
The wretched star is moderately damaged.
You slash the tentacled starspawn!
The tentacled starspawn is no longer distracted by gold.
The tentacled starspawn barely misses you.
You furiously retaliate!
You headbutt the tentacled starspawn! The tentacled starspawn misses you.
The wretched star pulses with an eldritch light!
You feel less energetic. x2
You hit the wretched star.
The wretched star is heavily damaged.
You slash the tentacled starspawn!
The tentacled starspawn bites you but does no damage.
The tentacled starspawn misses you.
You closely miss the wretched star.
The wretched star is heavily damaged.
You barely miss the tentacled starspawn.
The tentacled starspawn bites you!
Your body deteriorates!
You feel weakened.
The tentacled starspawn closely misses you.
You hit the wretched star.
The wretched star is heavily damaged.
You slash the tentacled starspawn! The tentacled starspawn bites you!
* * * LOW HITPOINT WARNING * * *
The tentacled starspawn tentacle-slaps you!
* * * LOW HITPOINT WARNING * * *
You slash the wretched star! Your headbutt misses the wretched star.
The wretched star is heavily damaged.
You slash the tentacled starspawn! The tentacled starspawn misses you.
You furiously retaliate!
You headbutt the tentacled starspawn!
The tentacled starspawn completely misses you.
You slash the wretched star!
The wretched star is severely damaged.
You barely miss the tentacled starspawn.
The tentacled starspawn bites you!
You die...
Your body crumbles into a pile of gold.

. ...... #. .# .
.............. #
#............
...#.
.....#..........
##
.................#
......#... ..#
.......$...# #
......X*##....# .
.. .#@### ### ##
####..# # # #.#.#
#####


You could see a tentacled starspawn and a wretched star.

Vanquished Creatures
  Gastronok (Lair:1)
  A blizzard demon (Gauntlet)
  A hydra (Lair:2)
  A catoblepas (Lair:1)
  A centaur warrior (D:10)
  Sonja (Lair:1)
  A skyshark (Lair:2)
  A wretched star (Abyss:2)
  3 large abominations (Abyss:2)
  2 starcursed masses (Abyss:2)
  2 deep elf pyromancers (D:10)
  2 manticores (D:10)
  3 elephants (Lair:1)
  A smoke demon (Abyss:2)
  A rime drake (Lair:2)
  3 unseen horrors
  4 komodo dragons (Lair:1)
  An efreet (D:10)
  3 ancient zymes (Abyss:2)
  2 polar bears
  A troll (D:9)
  3 hornets
  13 blink frogs
  A raiju (Abyss:2)
  4 flying skulls (Abyss:2)
  A centaur simulacrum (D:10)
  2 shadows
  A wraith (D:10)
  57 yaks
  A ynoxinul (Abyss:2)
  A wyvern (D:8)
  A steam dragon (D:8)
  Eustachio (D:4)
  A basilisk (Lair:1)
  An acid dragon (D:10)
  16 water moccasins
  An ice beast (D:7)
  7 orc warriors
  5 black bears
  2 ogres
  2 sky beasts (D:7)
  2 centaurs
  5 wolves (Lair:1)
  2 phantoms
  2 kobold brigands
  16 bullfrogs
  3 gnoll sergeants
  4 scorpions
  3 wights (D:9)
  6 killer bees
  12 howler monkeys
  A crimson imp (Abyss:2)
  A hound (D:5)
  4 jellies
  3 gnoll boudas
  4 orc priests
  2 iguanas (D:5)
  3 sleepcaps
  4 orc wizards
  A small abomination (Abyss:2)
  22 gnolls
  8 adders
  4 shadow imps
  4 white imps
  3 ufetubi
  3 worms
  37 orcs
  3 ball pythons
  4 bats
  4 endoplasms
  2 giant cockroaches (D:1)
  8 hobgoblins
  A frilled lizard (D:2)
  15 goblins
  11 kobolds
  7 rats
371 creatures vanquished.

Vanquished Creatures (others)
  An angel (D:8)
1 creature vanquished.

Grand Total: 372 creatures vanquished

Notes
Turn   | Place    | Note
-------+----------+-------------------------------------------
     0 | D:1      | porpoise the Minotaur Hunter began the quest for the Orb.
     0 | D:1      | Reached XP level 1. HP: 18/18 MP: 0/0
   364 | D:1      | Reached XP level 2. HP: 25/25 MP: 1/1
   522 | D:1      | Reached skill level 1 in Armour
  1085 | D:2      | Reached XP level 3. HP: 26/31 MP: 2/2
  1087 | D:2      | Reached skill level 1 in Axes
  1097 | D:2      | Reached skill level 5 in Ranged Weapons
  1318 | D:2      | Reached XP level 4. HP: 38/38 MP: 3/3
  1757 | D:3      | Noticed Ijyb
  1771 | D:3      | Ijyb changed into Ijyb the rat
  1771 | D:3      | Noticed Ijyb
  1771 | D:3      | Killed Ijyb the rat
  1886 | D:3      | Found a radiant altar of Vehumet.
  2586 | D:4      | Noticed Eustachio
  2597 | D:4      | Reached XP level 5. HP: 42/46 MP: 4/4
  2626 | D:4      | Killed Eustachio
  2627 | D:4      | Reached XP level 6. HP: 15/53 MP: 5/5
  3349 | D:5      | Entered Level 5 of the Dungeon
  3499 | D:5      | Reached skill level 6 in Ranged Weapons
  3611 | D:4      | Reached skill level 5 in Fighting
  3611 | D:4      | Reached XP level 7. HP: 35/61 MP: 6/6
  3830 | D:5      | Found a shadowy altar of Dithmenos.
  4002 | D:5      | Reached skill level 5 in Axes
  4002 | D:5      | Reached skill level 5 in Armour
  4111 | D:5      | Found Cafebask's Antique Weapon Emporium.
  4164 | D:5      | HP: 2/63 [orc warrior/+0 long sword (12)]
  4170 | D:5      | Reached skill level 7 in Ranged Weapons
  4170 | D:5      | Reached XP level 8. HP: 26/70 MP: 7/7
  4513 | D:6      | Found a stormy altar of Qazlal.
  4854 | D:6      | Found a sacrificial altar of Ru.
  5062 | D:6      | Reached skill level 8 in Ranged Weapons
  5110 | D:6      | Found a broken altar of Ashenzari.
  5158 | D:6      | Found a large runed translucent door.
  5158 | D:6      | Found a large runed translucent door.
  5200 | D:6      | Reached XP level 9. HP: 81/81 MP: 8/8
  5326 | D:6      | Found a hide-covered altar of Uskayaw.
  5343 | D:6      | Found an opulent altar of Gozag.
  5354 | D:6      | Became a worshipper of Gozag Ym Sagoz the Greedy
  5651 | D:7      | Found a staircase to the Ecumenical Temple.
  5677 | D:7      | Reached skill level 9 in Ranged Weapons
  5793 | D:7      | Found Supneus Quof's Jewellery Shoppe.
  6354 | D:7      | Reached XP level 10. HP: 77/91 MP: 9/9
  6363 | D:7      | Reached skill level 10 in Ranged Weapons
  6477 | D:8      | Reached skill level 10 in Axes
  6556 | D:8      | Reached skill level 11 in Ranged Weapons
  6727 | D:8      | Killed an angel
  6854 | D:8      | Found a staircase to the Lair.
  6932 | D:8      | Found a glowing silver altar of Zin.
  6942 | D:8      | Found a shimmering altar of Xom.
  6991 | D:8      | Found Tiafaent's Serpentskin Sales.
  7028 | D:8      | Bought +0 swamp dragon scales for 700 gold pieces
  7368 | D:9      | Reached skill level 12 in Ranged Weapons
  7886 | D:9      | Reached skill level 13 in Ranged Weapons
  8158 | D:9      | Reached XP level 11. HP: 97/97 MP: 10/10
  8184 | D:9      | Reached skill level 1 in Evocations
  8511 | D:9      | Found Tunuoduesti's Jewellery Shop.
  8519 | D:9      | Bought the ring of Xaghoc {rF+ AC+4} for 650 gold pieces
  9076 | D:10     | Entered Level 10 of the Dungeon
  9078 | D:10     | Identified 4 scrolls of acquirement
  9078 | D:10     | Acquired the +3 warlock's mirror {omnireflect}
  9078 | D:10     | Found the +3 warlock's mirror {omnireflect}
  9226 | D:10     | Acquired the +8 longbow "Athim" {heavy, Will+ Int+6}
  9231 | D:10     | Acquired the scarf of Qazlal's Esteem {+Inv, Str+4}
  9243 | D:10     | Acquired the +8 broad axe of Circularity {protect, rC++
                  | Str+2}
  9251 | D:10     | Found a staircase to the Orcish Mines.
  9446 | D:10     | Noticed a deep elf pyromancer
  9454 | D:10     | Killed a deep elf pyromancer
  9455 | D:10     | Reached skill level 14 in Ranged Weapons
  9455 | D:10     | Reached skill level 5 in Dodging
  9460 | D:10     | Noticed a deep elf pyromancer
  9463 | D:10     | Killed a deep elf pyromancer
  9463 | D:10     | Noticed a centaur warrior
  9475 | D:10     | Killed a centaur warrior
 10023 | D:10     | Found the +4 robe of Folly {Brill Will-∞ Int+8}
 10025 | D:10     | Got the Tome of Turbulent Attendants
 10665 | Lair:1   | Entered Level 1 of the Lair of Beasts
 10814 | Lair:1   | Reached XP level 12. HP: 104/104 MP: 11/11
 10826 | Lair:1   | Reached skill level 15 in Ranged Weapons
 10936 | Lair:1   | Noticed a catoblepas
 10937 | Lair:1   | Reached skill level 5 in Evocations
 10954 | Lair:1   | Killed a catoblepas
 11137 | Lair:1   | Noticed Sonja
 11141 | Lair:1   | Killed Sonja
 11176 | Lair:1   | Noticed Gastronok
 11190 | Lair:1   | Killed Gastronok
 11191 | Lair:1   | Reached skill level 16 in Ranged Weapons
 12396 | Lair:2   | Reached skill level 17 in Ranged Weapons
 12453 | Lair:2   | Noticed a five-headed hydra
 12458 | Lair:2   | Killed a four-headed hydra
 12459 | Lair:2   | Reached skill level 10 in Fighting
 12675 | Lair:2   | Reached XP level 13. HP: 113/113 MP: 12/12
 13286 | Lair:3   | Found a gate leading to a gauntlet.
 13292 | Gauntlet | Entered a Gauntlet
 13292 | Gauntlet | Found a transporter.
 13429 | Gauntlet | Noticed a blizzard demon
 13430 | Gauntlet | Found a transporter.
 13433 | Gauntlet | Found a transporter.
 13434 | Gauntlet | Found a transporter.
 13437 | Gauntlet | Found a transporter.
 13438 | Gauntlet | Found a transporter.
 13446 | Gauntlet | Found a transporter.
 13453 | Gauntlet | Found a transporter.
 13521 | Gauntlet | Found a transporter.
 13527 | Gauntlet | Found a transporter.
 13531 | Gauntlet | Found a transporter.
 13540 | Gauntlet | Found a transporter.
 13556 | Gauntlet | Noticed a blizzard demon
 13725 | Gauntlet | Killed a blizzard demon
 13933 | Gauntlet | Identified the +2 barding of the Thinker {*Slow Str+3
                  | Int+3}
 13950 | Abyss:2  | Cast into level 2 of the Abyss (a wizard)
 13964 | Abyss:2  | Found a corrupted altar of Lugonu.
 14274 | Abyss:2  | Noticed a yellow draconian annihilator
 14348 | Abyss:2  | Noticed a starcursed mass
 14367 | Abyss:2  | Reached skill level 18 in Ranged Weapons
 14573 | Abyss:2  | Found a corrupted altar of Lugonu.
 14591 | Abyss:2  | Noticed a tentacled starspawn
 14603 | Abyss:2  | Slain by a tentacled starspawn

Illustrated notes

Levels and vault maps discovered:
D:1:      dpeg_arrival_rooms_b, layout_loops_corners, minmay_tripent
D:2:      layout_basic, minmay_heptomino_d4
D:3:      layout_basic, mainiacjoe_overflow_alcove_1,
          nicolae_kite_square_tiling_tiny, uniq_ijyb
D:4:      layout_basic, uniq_eustachio
D:5:      layout_cave_pools, grunt_dithmenos_shadows, serial_shops, shop_statue,
          serial_park_tiny_2
D:6:      layout_rooms, amcnicky_altar_gilded, mainiacjoe_overflow_boulevard,
          jmf_multi_god_temple2, kennysheep_little_box
D:7:      layout_rooms, minmay_temple_entry_stoned_glass, serial_shops,
          nicolae_shop_just_a_little_nook
D:8:      layout_rooms, grunt_temple_overflow_order_and_chaos_1,
          due_lair_maze_entry_diamond, guppyfry_shop_venom
D:9:      layout_loops_ring, serial_shops, shop, minmay_joined_circles
D:10:     minmay_the_grid_octo_triangle [minmay_the_grid_octo_checkered,
          minmay_the_grid_octo_prize_square_snowflake,
          minmay_the_grid_octo_chip], layout_irregular_city,
          corexii_checkpoint_a
Lair:1:   wander_river, layout_long_grid, chequers_serial_rivers_small_b,
          uniq_gastronok, uniq_sonja
Lair:2:   layout_hall_layers
Lair:3:   layout_concentric_octagons, swamp_mist,
          minmay_snake_entry_guardpost_small, gauntlet_entry_generic,
          grunt_megastairs_2
Abyss:2:  base: D:13, minivault_13, minivault_27
Gauntlet: minmay_gauntlet_mixed_oops_all_seconds
          [minmay_gauntlet_arena_77_two_lines, gammafunk_gauntlet_arena_corners,
          minmay_gauntlet_arena_77_fan, gammafunk_gauntlet_arena_spirals,
          minmay_gauntlet_arena_77_museum, gammafunk_gauntlet_arena_chambers,
          dreamdust_gauntlet_exit_labyrinth]

Skill      XL: |  1  2  3  4  5  6  7  8  9 10 11 12 13 |
---------------+----------------------------------------+-----
Armour         | 1 2 3 4 5 6 7 8 9 |  9.0
Fighting       | 3 4 5 6 7 9 10 11 | 11.1
Axes           | 1 2 3 4 5 7 9 10 | 10.2
Ranged Weapons | 5 6 7 8 9 13 14 17 18 | 18.0
Evocations     | 4 5 |  5.0
Dodging        | 6 7 |  7.0
Stealth        | |  0.7

Action                     |  1- 3 |  4- 6 |  7- 9 | 10-12 | 13-15 || total
---------------------------+-------+-------+-------+-------+-------++-------
  Melee: War axe           |    17 |    74 |   184 |   203 |       ||   478
         Headbutt          |     1 |     8 |    51 |   122 |    30 ||   212
         Punch             |       |     1 |     2 |     7 |       ||    10
         Battleaxe         |       |       |       |    73 |       ||    73
         Broad axe         |       |       |       |   158 |    92 ||   250
   Fire: Shortbow          |    53 |    97 |   161 |   109 |       ||   420
         Longbow           |       |       |       |   165 |    37 ||   202
  Evoke: Wand              |       |     3 |       |     1 |       ||     4
    Use: Scroll            |     3 |     5 |       |    19 |     3 ||    30
         Potion            |       |     1 |     1 |     5 |       ||     7
   Stab: Distracted        |       |       |       |     6 |       ||     6
         Petrified         |       |       |       |     2 |       ||     2
 Armour: Ring mail         |     6 |    58 |    72 |    36 |       ||   172
         Swamp dragon scal |       |       |       |   166 |    34 ||   200
  Dodge: Dodged            |    22 |   144 |   184 |   384 |    76 ||   810
